 Dungeon Crawl Stone Soup version 0.30-a0-465-g8901f6c8b5 (webtiles) character file.

Game seed: 14165226406746293787

1661 cforsyth the Covered (level 8, -5/72 HPs)
             Began as an Armataur Gladiator on Dec 19, 2022.
             Slain by a large slime creature (38 damage)
             ... on level 6 of the Dungeon.
             The game lasted 00:07:42 (5166 turns).

cforsyth the Covered (Armataur Gladiator)           Turns: 5166, Time: 00:07:43

Health: -5/72      AC:  9    Str: 19    XL:     8   Next: 69%
Magic:  8/8        EV: 15    Int: 11    God:
Gold:   190        SH: 15    Dex: 12    Spells: 7/7 levels left

rFire   . . .      SeeInvis .    a - +0 flail
rCold   . . .      Faith    .    D - +2 tower shield
rNeg    . . .      Spirit   .    b - +0 leather armour
rPois   .          Reflect  .    c - +0 helmet
rElec   .          Harm     .    u - +0 cloak {rCorr}
rCorr   +          Roll     +    t - +0 pair of gloves
Will    .....                    (no barding)
Stlth   +.........               h - amulet of regeneration
HPRegen 1.12/turn                g - +4 ring of evasion
MPRegen 0.11/turn                i - +4 ring of evasion

@: no status effects
A: large, rugged brown scales 3, deformed body, armoured tail, roll, long
tongue, awkward tongue
a: no special abilities


You were on level 6 of the Dungeon.
You visited 1 branch of the dungeon, and saw 6 of its levels.

You collected 404 gold pieces.
You spent 214 gold pieces at shops.

Inventory:

Hand Weapons
 a - a +0 flail (weapon)
 f - a +0 hand axe
Missiles
 d - 3 throwing nets (quivered)
 e - a javelin
Armour
 b - a +0 leather armour (worn)
 c - a +0 helmet (worn)
 t - a +0 pair of gloves (worn)
 u - a +0 cloak of preservation (worn)
 D - a +2 tower shield (worn)
Jewellery
 g - a +4 ring of evasion (left hand)
 h - an amulet of regeneration (around neck)
 i - a +4 ring of evasion (right hand)
 l - a +6 ring of intelligence
 r - an amulet of magic regeneration
 G - a ring of poison resistance
Wands
 E - a wand of flame (13)
Scrolls
 k - 5 scrolls of identify {unknown}
 q - 2 scrolls of immolation {unknown}
 s - 4 scrolls of teleportation {unknown}
 w - 2 scrolls of enchant weapon {unknown}
 x - a scroll of poison {unknown}
 y - 2 scrolls of magic mapping {unknown}
 A - a scroll of fear {unknown}
 B - a scroll of enchant armour {unknown}
 C - 2 scrolls of amnesia {unknown}
 F - a scroll of vulnerability {unknown}
 H - a scroll of noise {unknown}
 I - a scroll of fog {unknown}
Potions
 j - a potion of degeneration {unknown}
 m - 2 potions of resistance {unknown}
 n - 5 potions of heal wounds {unknown}
 o - a potion of attraction {unknown}
 p - 3 potions of curing {unknown}
 v - 2 potions of lignification {unknown}
 z - a potion of haste {unknown}


   Skills:
 + Level 5.3 Fighting
 + Level 5.7 Maces & Flails
 - Level 1.8 Throwing
 + Level 6.5 Armour
 - Level 2.2 Dodging
 + Level 5.6 Shields


You had 7 spell levels left.
You didn't know any spells.
Your spell library contained the following spells:

 Spells                   Type           Power      Damage    Failure   Level
 Ensorcelled Hibernation  Hex/Ice        0%         N/A       98%         2
 Spider Form              Tmut/Pois      0%         N/A       100%        3
 Anguish                  Hex/Necr       0%         N/A       100%        4


Dungeon Overview and Level Annotations

Branches:
Dungeon (6/15)
 Temple: D:4-7

Altars:
Gozag
The Shining One

Shops:
D:2 ![

Annotations:
D:4 3 runed translucent doors, Darkkill's ghost, amateur MiCK


Innate Abilities, Weirdness & Mutations

You are completely covered in rugged brown scales. (AC +3, +7% HP)
Armour fits poorly on your strangely shaped body.
You have a long armoured tail.
You roll when moving toward enemies. (Rampage)
Your long tongue fully drains potion bottles. (2x potion effects)
Your tongue gives you trouble enunciating. (1.5x scroll delay)


Message History

Things that are here:
a +0 club; a kobold corpse The large slime creature attacks as you move away!
You block the large slime creature's attack.
There is an open door here.
The large slime creature attacks as you move away!
The large slime creature barely misses you.
The large slime creature attacks as you move away!
The large slime creature closely misses you.
The large slime creature attacks as you move away!
The large slime creature hits you!!
The large slime creature attacks as you move away!
You block the large slime creature's attack.
The large slime creature attacks as you move away!
You block the large slime creature's attack.
There is an open gate here.
Items here: (( ))))) †††.
The large slime creature attacks as you move away!
The large slime creature closely misses you.
Things that are here:
a +0 dagger; a +0 chain mail; an orc corpse The large slime creature attacks as you move away!
You block the large slime creature's attack.
The large slime creature attacks as you move away!
The large slime creature hits you!!
The large slime creature attacks as you move away!
The large slime creature closely misses you.
The large slime creature attacks as you move away!
The large slime creature closely misses you.
The large slime creature attacks as you move away!
The large slime creature hits you!!
The large slime creature attacks as you move away!
You block the large slime creature's attack.
You see here a +0 short sword.
The large slime creature attacks as you move away!
The large slime creature closely misses you.
The large slime creature attacks as you move away!
The large slime creature hits you!!!
Ouch! That really hurt!
You die...

####### ## #..>..# .# #.....# .#
#.....# ####### # .# #.....#
#.....# ### .# ###..##
#.###.###.) .#
#..#############.###.##..# .#
#..).......>............##
.#######........@J.JJ...###.#####
.........))#########...P# #.# #
#######.#........[.#.≈≈.###.# #
......#.#.##.#.###.#.§≈.....# #
#####.#.#.....<....#...P.#### #
#...#.#.####..#.#..#.....# #
#.#.#.#.# #........'....## #
#.#.#.#.# ##..#...###..♣..## #
#.#.#.#.........#.# #.♣..P.# #


You could see a large slime creature and 2 endoplasms.

Vanquished Creatures
  Sigmund (D:3)
  An ice beast (D:5)
  An orc warrior (D:5)
  A centaur (D:6)
  3 kobold brigands
  2 scorpions
  A howler monkey (D:6)
  A crimson imp (D:3)
  A quasit (D:6)
  2 orc priests
  5 hounds
  Crazy Yiuf (D:3)
  A gnoll bouda (D:6)
  2 jellies (D:6)
  Terence (D:1)
  3 iguanas
  2 orc wizards
  4 adders
  10 gnolls
  2 white imps
  5 ufetubi
  2 worms
  3 dart slugs
  22 orcs
  3 bats
  14 endoplasms
  3 giant cockroaches
  5 goblins
  7 hobgoblins
  A jackal (D:3)
  4 quokkas
  10 ball pythons
  3 frilled lizards
  2 goblin skeletons (D:3)
  A goblin zombie (D:3)
  4 hobgoblin zombies (D:3)
  12 kobolds
  3 orc skeletons (D:3)
  15 rats
164 creatures vanquished.

Vanquished Creatures (others)
  9 demonic plants (D:6)
  2 fungi (D:6)
  9 toadstools (D:6)
20 creatures vanquished.

Grand Total: 184 creatures vanquished

Notes
Turn   | Place    | Note
-------+----------+-------------------------------------------
     0 | D:1      | cforsyth the Armataur Gladiator began the quest for the
                  | Orb.
     0 | D:1      | Reached XP level 1. HP: 18/18 MP: 1/1
   177 | D:1      | Reached XP level 2. HP: 25/25 MP: 2/2
   286 | D:1      | Reached skill level 1 in Armour
   738 | D:2      | Reached XP level 3. HP: 31/31 MP: 3/3
   743 | D:2      | Found an opulent altar of Gozag.
   907 | D:2      | Found Zipseg's Armour Shop.
  1062 | D:2      | Found Jijud's Distillery.
  1069 | D:2      | Reached skill level 2 in Armour
  1371 | D:3      | Noticed Terence
  1638 | D:2      | Reached skill level 1 in Shields
  1638 | D:2      | Reached XP level 4. HP: 22/39 MP: 4/4
  1674 | D:1      | Killed Terence
  1706 | D:3      | Reached XP level 5. HP: 47/47 MP: 5/5
  1798 | D:3      | Found a runed translucent door.
  1799 | D:3      | Noticed Crazy Yiuf
  1823 | D:3      | Noticed Sigmund
  1826 | D:3      | Killed Sigmund
  1827 | D:3      | Reached skill level 3 in Armour
  1827 | D:3      | Reached XP level 6. HP: 54/54 MP: 6/6
  2214 | D:3      | Found a glowing golden altar of the Shining One.
  2536 | D:3      | Killed Crazy Yiuf
  2580 | D:4      | You fall into a shaft and drop 1 floor!
  2580 | D:5      | Entered Level 5 of the Dungeon
  2602 | D:5      | Reached skill level 4 in Armour
  2708 | D:5      | Reached XP level 7. HP: 57/62 MP: 7/7
  3057 | D:4      | Found a runed translucent gate.
  3057 | D:4      | Noticed Darkkill's ghost (amateur MiCK)
  3058 | D:4      | Found a runed translucent gate.
  3059 | D:4      | Found a runed translucent gate.
  3464 | D:5      | Reached skill level 5 in Armour
  3928 | D:5      | Reached skill level 5 in Maces & Flails
  4435 | D:2      | Bought a +2 tower shield for 214 gold pieces
  4565 | D:6      | Reached XP level 8. HP: 71/71 MP: 8/8
  4694 | D:6      | Reached skill level 5 in Shields
  4885 | D:6      | Reached skill level 5 in Fighting
  4885 | D:6      | Reached skill level 6 in Armour
  5112 | D:6      | Noticed a slime creature
  5115 | D:6      | Noticed a slime creature
  5166 | D:6      | Slain by a large slime creature

Illustrated notes

Levels and vault maps discovered:
D:1:      minmay_arrival_four_houses, layout_loops_ring,
          hangedman_abyss_or_decor_stabs, minmay_rat_gold_closets
D:2:      layout_basic, basic_altar, serial_shops, shop_statue,
          nicolae_shop_crystal, minmay_misc_feat_secret_circle
D:3:      minmay_inner_zag, layout_basic, nicolae_tso_besieged_by_evil,
          minivault_27, uniq_crazy_yiuf_cottage, uniq_sigmund, uniq_terence
D:4:      minmay_wonky_spiral, layout_rooms, gammafunk_ghost_split,
          columned_hall_lemuel
D:5:      layout_layer_cave
D:6:      cheibrodos_fertilizer, layout_basic, serial_demonic, serial_demonic_g,
          serial_demonic_f, serial_demonic_c, serial_demonic_e

Skill      XL: |  1  2  3  4  5  6  7  8 |
---------------+-------------------------+-----
Fighting       | 2 3 4 5 |  5.3
Armour         | 1 2 3 4 5 6 |  6.5
Maces & Flails | 3 4 5 |  5.7
Shields        | 1 2 3 4 5 |  5.6
Throwing       | |  1.8
Dodging        | |  2.2

Action                   |  1- 3 |  4- 6 |  7- 9 || total
-------------------------+-------+-------+-------++-------
Melee: Flail             |   123 |   156 |   309 ||   588
       Tailslap          |    16 |    14 |    37 ||    67
       Punch             |       |     5 |     3 ||     8
 Stab: Sleeping          |     1 |       |       ||     1
Armor: Leather armour    |    25 |    37 |    77 ||   139
Dodge: Dodged            |    75 |   138 |   229 ||   442
Block: Tower shield      |       |       |   194 ||   194

Table legend: (Time is in decaauts)
 A = Elapsed time spent in this place.
 B = Non-inter-level travel time spent in this place.
 C = Inter-level travel time spent in this place.
 D = Time resting spent in this place.
 E = Time spent auto-exploring this place.
 F = Levels seen in this place.
 G = Mean time per level.
                   A        B        C        D        E       F      G
               +--------+--------+--------+--------+--------+-----+--------+
         Total |   5329 |   5085 |    244 |    255 |   3515 |   6 |  888.2 |
       Dungeon |   5329 |   5085 |    244 |    255 |   3515 |   6 |  888.2 |
               +--------+--------+--------+--------+--------+-----+--------+

Top non-repeatable levels by time:
     D:5: 1315 daAuts
     D:3: 966 daAuts
     D:2: 943 daAuts
     D:1: 776 daAuts
     D:4: 680 daAuts
     D:6: 647 daAuts
